AoeStats
← HyenHks

Nomad

509945545Analyzed
3v3 RM · 5d ago on Sep 28, 2026· 41m 6s· 6 players
Game mode
Random Map
Map size
210×210
Population
200
Speed
Normal
Resources
Standard
Victory
Conquest
Starting age
Dark Age
Ending age
Imperial Age
RankedLock teamsTeams togetherTeam positionsShared explorationLock speedFull tech treeHidden civsTurbo modeCheats
Victory
Defeat
🇦🇷 Armenians · Argentina
1224
+17
🇦🇷 Italians · Argentina
1220
+17
🇦🇷 Slavs · Argentina
1201
+18
🇲🇽 Dravidians · Mexico
1288
-19
🇦🇷 Persians · Argentina
1236
-17
🇳🇴 Danes · Norway
1208
-16
Terror_Khan
5:29 Loom
13:53 Feudal Age
20:20 Castle Age
19:32 Double-Bit Axe
20:27 Gold Mining
20:59 Stone Mining
21:41 Medium Warships
25:53 Fletching
29:41 Town Watch
30:22 Scale Mail Armor
32:20 Forging
34:03 Bodkin Arrow
40:40 Imperial Age
41:34 Wheelbarrow
1
5:41 Loom
13:24 Feudal Age
14:37 Double-Bit Axe
14:59 Fishing Lines
17:31 Castle Age
17:54 Forging
18:21 Medium Warships
18:34 Bow Saw
20:21 Iron Casting
HyenHks
9:49 Loom
13:37 Feudal Age
14:15 Double-Bit Axe
18:10 Castle Age
16:08 Fishing Lines
20:08 Bow Saw
31:06 Horse Collar
36:20 Imperial Age
35:26 Wheelbarrow
36:29 Hand Cart
36:00 Town Watch
36:24 Heavy Plow
36:56 Squires
38:28 Elite Varangian Guard
Niimiiitzz'
4:37 Loom
14:34 Feudal Age
16:30 Fletching
16:32 Double-Bit Axe
20:07 Castle Age
21:01 Medium Warships
20:52 Bodkin Arrow
30:50 Scale Barding Armor
30:56 Forging
32:22 Gold Mining
33:14 Iron Casting
34:52 Bloodlines
34:43 Husbandry
36:43 Chain Barding Armor
39:45 Imperial Age
38:42 Padded Archer Armor
40:28 Horse Collar
41:00 Bow Saw
41:30 Plate Barding Armor
41:55 Blast Furnace
Mark Renton
5:30 Loom
14:21 Feudal Age
14:46 Town Watch
15:27 Fishing Lines
17:52 Castle Age
15:43 Double-Bit Axe
16:22 Fletching
18:18 Wheelbarrow
19:38 Medium Warships
21:56 Bodkin Arrow
31:02 Horse Collar
32:10 Bow Saw
32:40 Padded Archer Armor
35:04 Ballistics
39:39 Imperial Age
40:15 Thumb Ring
41:20 Chemistry
Mayhem
3:07 Loom
14:59 Feudal Age
15:40 Town Watch
18:34 Castle Age
16:21 Double-Bit Axe
17:23 Stone Mining
18:07 Gold Mining
18:49 Man-at-Arms
19:32 Scale Mail Armor
19:38 Squires
19:37 Gambesons
26:04 Bow Saw
26:46 Masonry
26:30 Long Swordsman
28:02 Wheelbarrow
30:55 Fletching
31:04 Two-Handed Swordsman
31:50 Treadmill Crane
33:18 Horse Collar
34:08 Chain Mail Armor
34:21 Arson
35:13 Heavy Plow
35:43 Forging
42:35 Imperial Age
41:16 Iron Casting
Connection lost

Rejoining the realm…

Still unreachable

The connection could not be restored.

Session expired

The server has moved on; the page needs a fresh start.